 Dungeon Crawl Stone Soup version 0.31.0-9-g3a7656b989 (webtiles) character file.

Game seed: 17012970801055987134

39 qw the Shooter (level 3, 0/18 HPs)
             Began as a Spriggan Hunter on Feb 2, 2024.
             Succumbed to their own poison gas
             ... on level 1 of the Dungeon.
             The game lasted 00:00:03 (562 turns).

qw the Shooter (Spriggan Hunter)                     Turns: 562, Time: 00:00:03

Health: 0/18       AC:  2    Str:  7    XL:     3   Next: 28%
Magic:  4/4        EV: 19    Int: 10    God:
Gold:   40         SH:  0    Dex: 20    Spells: 2/2 levels left

rFire   . . .        d - +1 arbalest (drain)
rCold   . . .        (shield currently unavailable)
rNeg    . . .        c - +0 robe
rPois   .            (helmet restricted)
rElec   .            (no cloak)
rCorr   .            (gloves unavailable)
SInv    +            (boots unavailable)
Will    +....        (no amulet)
Stlth   ++           n - ring of willpower
HPRegen 0.23/turn    (no ring)
MPRegen 0.09/turn

%: no passive effects
@: lethally poisoned (0 -> -5), very quick
A: very small, no large weapons, unfitting armour, see invisible, speed 3
a: no special abilities


You were on level 1 of the Dungeon.
You visited 1 branch of the dungeon, and saw 1 of its levels.

You collected 40 gold pieces.


Innate Abilities, Weirdness & Mutations

You are very small and have problems with some larger weapons.
You are too small for most types of armour.
You have supernaturally acute eyesight. (SInv)
You cover ground extremely quickly. (Speed+++)


   Skills:
 - Level 1.5 Fighting
 + Level 4.6 Ranged Weapons
 - Level 4.0 Dodging
 - Level 1.5 Stealth


You had 2 spell levels left.
You didn't know any spells.
Your spell library was empty.

Inventory:

Hand Weapons
 d - a +1 arbalest of draining (weapon)
Armour
 c - a +0 robe (worn)
Jewellery
 n - a ring of willpower (left hand)
Potions
 k - a potion of heal wounds
 l - a potion of lignification {unknown}

Dungeon Overview and Level Annotations

Branches:
Dungeon (1/15)

Altars:


Message History

Done exploring.
546 ||| DROPPING potion of brilliance.
You drop a potion of brilliance.
Done exploring.
547 ||| DROPPING scroll of poison.
You drop a scroll of poison.
Done exploring.
What level of the Dungeon? (default 1, ? - help) Sorry, I don't know how to get there.
Enter note:
Enter note:
Enter note:
Enter note:
Enter note:
Enter note:
Enter note:
Enter note:
Enter note: You are engulfed in poison gas.
You are poisoned.
You feel very sick.
549 ||| Stepping ~*~*~tactically~*~*~ (cloud).
You feel sick.
Items here: ! ) ???.
550 ||| DRINKING potion of curing.
You feel better.
550 ||| (to cure poison)
You start resting.
HP restored.
You are engulfed in poison gas.
You are lethally poisoned!
You feel very sick.
557 ||| Stepping ~*~*~tactically~*~*~ (cloud).
You feel very sick.
There is a lethal amount of poison in your body!
You feel very sick.
There is a lethal amount of poison in your body!
You feel very sick.
There is a lethal amount of poison in your body!
You feel sick.
There is a lethal amount of poison in your body!
You feel sick.
There is a lethal amount of poison in your body!
You die...

#...##.#........[.###..).#
#...#....%77777P..# ######
######...#......7777P..#
#................_.P...#
#...............P.7P...#
#...............7P.7..##
#####...............).#
######............#
#.....@......#
#............#
#........?...#
#########....# ######


There were no monsters in sight!

Vanquished Creatures
  A gnoll (D:1)
  2 dart slugs (D:1)
  9 ball pythons (D:1)
  2 bats (D:1)
  2 endoplasms (D:1)
  A goblin (D:1)
  2 hobgoblins (D:1)
  A quokka (D:1)
  A frilled lizard (D:1)
  3 kobolds (D:1)
24 creatures vanquished.

Notes
Turn   | Place    | Note
-------+----------+-------------------------------------------
     0 | D:1      | qw the Spriggan Hunter began the quest for the Orb.
     0 | D:1      | Reached XP level 1. HP: 10/10 MP: 2/2
     0 | D:1      | 0 ||| qw: Version: 0.3-a-155-g5e7d8dd
     0 | D:1      | 0 ||| qw: Game counter: 2004
     0 | D:1      | 0 ||| qw: Melee chars always use a shield: true
     0 | D:1      | 0 ||| qw: God list: Okawaru
     0 | D:1      | 0 ||| qw: Allow faded altars: false
     0 | D:1      | 0 ||| qw: Do Orc after clearing Dungeon:15 true
     0 | D:1      | 0 ||| qw: Do second Lair branch before Depths: true
     0 | D:1      | 0 ||| qw: Lair rune preference: random
     0 | D:1      | 0 ||| qw: Goals: Normal
     0 | D:1      | 0 ||| PLANNING D:1-11
    45 | D:1      | Reached skill level 3 in Dodging
    66 | D:1      | Reached XP level 2. HP: 14/14 MP: 3/3
   226 | D:1      | Reached XP level 3. HP: 18/18 MP: 4/4
   411 | D:1      | Found a faded altar of an unknown god.
   432 | D:1      | 432 ||| UPGRADING to ring of willpower.
   433 | D:1      | 433 ||| READING scroll labelled JICINTOUTIC.
   433 | D:1      | 433 ||| ENCHANTING +0 shortbow.
   434 | D:1      | 434 ||| READING 2 scrolls labelled XORAFOKUSS.
   535 | D:1      | 535 ||| READING scroll labelled FEDUIS SEIKHLIH.
   535 | D:1      | Identified a scroll of acquirement
   535 | D:1      | 535 ||| ACQUIRING +1 arbalest of draining
   535 | D:1      | Acquired a +1 arbalest of draining
   537 | D:1      | 537 ||| SWAPPING to +1 arbalest of draining.
   538 | D:1      | 538 ||| DROPPING +1 shortbow.
   539 | D:1      | 539 ||| READING scroll labelled PAKYTE KAGI.
   540 | D:1      | 540 ||| READING 2 scrolls labelled VOPEBI ZERAZID.
   541 | D:1      | 541 ||| READING 2 scrolls labelled ARECALUDISCHE.
   541 | D:1      | 541 ||| IDENTIFYING amethyst potion
   542 | D:1      | 542 ||| READING scroll of identify.
   542 | D:1      | 542 ||| IDENTIFYING pink potion
   543 | D:1      | 543 ||| DRINKING 2 bubbling puce potions.
   544 | D:1      | 544 ||| DROPPING scroll of butterflies.
   545 | D:1      | 545 ||| DROPPING scroll of vulnerability.
   546 | D:1      | 546 ||| DROPPING potion of brilliance.
   547 | D:1      | 547 ||| DROPPING scroll of poison.
   549 | D:1      | 549 ||| Stepping ~*~*~tactically~*~*~ (cloud).
   550 | D:1      | 550 ||| DRINKING potion of curing.
   550 | D:1      | 550 ||| (to cure poison)
   557 | D:1      | 557 ||| Stepping ~*~*~tactically~*~*~ (cloud).
   559 | D:1      | HP: 4/18 [poisoned by you (poison gas)]
   561 | D:1      | HP: 1/18 [poisoned by you (poison gas)]
   562 | D:1      | Succumbed to their own poison gas

Levels and vault maps discovered:
D:1:      scummos_arrival_simple_crosswalls, layout_basic,
          dreamdust_ecumenical_altar_grove

Skill      XL: |  1  2 |
---------------+-------+-----
Dodging        | 3 4 |  4.0
Fighting       | |  1.5
Ranged Weapons | |  4.6
Stealth        | |  1.5

Action                     || total
---------------------------++-------
   Fire: Shortbow          ||    61
    Use: Scroll            ||     7
         Potion            ||     2
 Armour: Robe              ||     6
  Dodge: Dodged            ||    14

Table legend:
 A = Non-vault XP
 B = Vault XP
 C = Vault XP percentage of total XP
 D = Non-vault monster count
 E = Vault monster count
 F = Vault count percentage of total count
                 A         B        C        D         E       F
            +---------+---------+-------+---------+---------+-------
      Total |      57 |       0 |   0.0 |      24 |       0 |   0.0
            +---------+---------+-------+---------+---------+-------
        D:1 |      57 |       0 |   0.0 |      24 |       0 |   0.0
            +---------+---------+-------+---------+---------+-------
